 Dungeon Crawl Stone Soup version 0.30-a0-883-g5ad918d77d (webtiles) character file.

Game seed: 2480485640545920991

1593 retardedninja the Covered (level 8, -1/65 HPs)
             Began as an Armataur Fighter on Mar 16, 2023.
             Was a Believer of Hepliaklqana.
             Slain by an orc warrior
             ... wielding a +0 trident
              (8 damage)
             ... on level 7 of the Dungeon.
             The game lasted 00:09:32 (7119 turns).

retardedninja the Covered (Armataur Fighter)        Turns: 7119, Time: 00:09:32

Health: -1/65      AC: 10    Str: 23    XL:     8   Next: 62%
Magic:  3/8        EV:  7    Int:  8    God:    Hepliaklqana [**....]
Gold:   319        SH:  5    Dex: 11    Spells: 7/7 levels left

rFire   . . .      SeeInvis .    a - +1 war axe
rCold   . . .      Faith    .    c - +0 buckler
rNeg    . . .      Spirit   .    b - +0 scale mail
rPois   .          Reflect  .    (no helmet)
rElec   .          Roll     +    k - +0 cloak
rCorr   +                        w - +0 pair of gloves {infuse}
Will    +....                    (no barding) Stlth
                                 (no amulet)
HPRegen 0.30/turn                r - ring of willpower
MPRegen 0.11/turn                x - ring of resist corrosion

@: no status effects
A: reduced essence, large, rugged brown scales 3, deformed body, armoured tail,
roll, long tongue, awkward tongue
a: Renounce Religion, Recall Ancestor, Ancestor Identity


You were on level 7 of the Dungeon.
You worshipped Hepliaklqana.
Hepliaklqana was pleased with you.
You visited 2 branches of the dungeon, and saw 8 of its levels.

You collected 319 gold pieces.

Inventory:

Hand Weapons
 a - a +1 war axe (weapon)
Armour
 b - a +0 scale mail (worn)
 c - a +0 buckler (worn)
 k - a +0 cloak (worn)
 w - a +0 pair of gloves of infusion (worn)
Jewellery
 r - a ring of willpower (left hand)
 x - a ring of resist corrosion (right hand)
Scrolls
 j - a scroll of fear
 n - 2 scrolls of vulnerability
 o - a scroll of immolation
 q - 2 scrolls of teleportation
 t - a scroll of butterflies {unknown}
 u - 2 scrolls of amnesia
Potions
 d - 3 potions of berserk rage
 e - 6 potions of curing
 f - 3 potions of flight
 g - a potion of heal wounds
 h - 2 potions of lignification
 i - a potion of haste {unknown}
 p - a potion of cancellation {unknown}
 v - a potion of degeneration {unknown}


   Skills:
 + Level 5.2 Fighting
 * Level 5.9 Axes
 + Level 6.9 Armour
 + Level 6.3 Shields


You had 7 spell levels left.
You didn't know any spells.
Your spell library contained the following spells:

 Spells                   Type           Power      Damage    Failure   Level
 Apportation              Tloc           0%         N/A       77%         1
 Freeze                   Ice            0%         1d3       77%         1
 Kiss of Death            Conj/Necr      0%         2d5       77%         1
 Necrotise                Necr           0%         1d4       77%         1
 Summon Small Mammal      Summ           0%         N/A       77%         1
 Ensorcelled Hibernation  Hex/Ice        0%         N/A       88%         2
 Passwall                 Tmut/Erth      0%         N/A       88%         2
 Confusing Touch          Hex            0%         N/A       98%         3
 Dazzling Flash           Conj/Hex       0%         N/A       98%         3
 Frozen Ramparts          Ice            0%         1d1       98%         3
 Hailstorm                Conj/Ice       0%         3d3       98%         3
 Stone Arrow              Conj/Erth      0%         3d7       98%         3
 Swiftness                Air            0%         N/A       98%         3
 Animate Armour           Summ/Erth      0%         N/A       100%        4
 Dispel Undead            Necr           0%         3d6       100%        4
 Agony                    Necr           0%         N/A       100%        5
 Silence                  Hex/Air        0%         N/A       100%        5
 Lehudib's Crystal Spear  Conj/Erth      0%         10d2      100%        8


Dungeon Overview and Level Annotations

Branches:
Dungeon (7/15)             Temple (1/1) D:4

Altars:
Ashenzari
Cheibriados
Fedhas
Gozag
Hepliaklqana
Kikubaaqudgha
Makhleb
Nemelex Xobeh
Okawaru
Qazlal
Ru
Sif Muna
Uskayaw
Vehumet
Xom
Yredelemnul
The Shining One


Innate Abilities, Weirdness & Mutations

Your life essence is reduced to manifest your ancestor. (-10% HP)
You are completely covered in rugged brown scales. (AC +3, +7% HP)
Armour fits poorly on your strangely shaped body.
You have a long armoured tail.
You roll when moving toward enemies. (Rampage)
Your long tongue fully drains potion bottles. (2x potion effects)
Your tongue gives you trouble enunciating. (1.5x scroll delay)


Message History

The orc warrior hits you but does no damage.
The kobold brigand hits you but does no damage.
Unknown command.
Unknown command.
You closely miss the kobold brigand.
The kobold brigand is severely wounded.
You feel sick.
The orc warrior hits you from afar with a +0 trident.
The kobold brigand hits you but does no damage.
Unknown command.
You hit the kobold brigand.
The kobold brigand is almost dead.
You feel sick.
The orc priest looks encouraged for a moment.
The orc warrior hits you from afar with a +0 trident!
The kobold brigand hits you with a +0 dagger.
Unknown command.
You barely miss the kobold brigand.
The kobold brigand is almost dead.
You feel sick. The kobold brigand barely misses you.
The orc warrior hits you but does no damage.
The kobold brigand hits you but does no damage.
The orc warrior hits you from afar with a +0 trident!
* * * LOW HITPOINT WARNING * * *
You slurp down every last drop of the potion of curing!
You feel better.
The orc warrior hits you but does no damage.
The kobold brigand hits you but does no damage.
You closely miss the kobold brigand.
The kobold brigand is almost dead.
The orc warrior hits you from afar with a +0 trident.
* * * LOW HITPOINT WARNING * * *
The kobold brigand hits you but does no damage.
You barely miss the kobold brigand.
The kobold brigand is almost dead.
The orc priest calls down the wrath of Beogh upon you.
Beogh smites you!
* * * LOW HITPOINT WARNING * * *
The orc warrior hits you from afar with a +0 trident!
You die...

..# .. #.# .o #o
#o##############
#.R...........<#
##@#############
#K# #K# #K# #.#
#.# #.# #.#


You could see the friendly dementia the knight, an orc warrior, a kobold brigand
(ally target), an orc priest, an orc and 2 kobolds.

Vanquished Creatures
  Sigmund (D:3)
  An ice beast (D:6)
  2 ogres
  A phantom (D:4)
  A kobold brigand (D:4)
  2 orc priests
  6 hounds
  A jelly (D:6)
  3 sleepcaps
  An orc wizard (D:4)
  A scorpion zombie (D:5)
  10 adders
  4 gnolls (D:6)
  A shadow imp (D:5)
  3 white imps
  An ufetubus (D:6)
  3 worms (D:2)
  6 dart slugs
  10 orcs
  7 bats
  5 endoplasms
  6 giant cockroaches
  9 goblins
  7 hobgoblins
  7 jackals
  10 kobolds
  3 quokkas
  5 ball pythons
  3 frilled lizards
  5 rats
  7 bushes (D:3)
132 creatures vanquished.

Vanquished Creatures (collateral kills)
  An ice beast (D:6)
  An ogre (D:5)
  2 hounds
  A bullfrog zombie (D:5)
  2 orc priests (D:5)
  A gnoll (D:6)
  An adder (D:6)
  An orc (D:7)
10 creatures vanquished.

Vanquished Creatures (others)
  15 plants
15 creatures vanquished.

Grand Total: 157 creatures vanquished

Notes
Turn   | Place    | Note
-------+----------+-------------------------------------------
     0 | D:1      | retardedninja the Armataur Fighter began the quest for the
                  | Orb.
     0 | D:1      | Reached XP level 1. HP: 19/19 MP: 1/1
   154 | D:1      | Reached XP level 2. HP: 23/26 MP: 2/2
   707 | D:2      | Reached XP level 3. HP: 33/33 MP: 3/3
   842 | D:2      | Reached XP level 4. HP: 18/40 MP: 4/4
  1197 | D:2      | Found a glowing golden altar of the Shining One.
  1270 | D:2      | Became a worshipper of the Shining One
  1733 | D:3      | Noticed Sigmund
  1746 | D:3      | Killed Sigmund
  1747 | D:3      | Reached XP level 5. HP: 27/48 MP: 5/5
  2206 | D:3      | Reached XP level 6. HP: 55/55 MP: 6/6
  3117 | D:4      | Reached skill level 5 in Armour
  3862 | D:4      | Reached XP level 7. HP: 57/63 MP: 7/7
  3900 | D:4      | Reached skill level 5 in Shields
  4095 | D:4      | Found a staircase to the Ecumenical Temple.
  4125 | Temple   | Entered the Ecumenical Temple
  4181 | Temple   | Fell from the grace of the Shining One
  4181 | Temple   | Became a worshipper of Hepliaklqana the Forgotten
  4817 | D:4      | Found an iron altar of Okawaru.
  5005 | D:5      | Entered Level 5 of the Dungeon
  5136 | D:5      | Reached * piety under Hepliaklqana
  5160 | D:5      | Found a hide-covered altar of Uskayaw.
  5570 | D:5      | Found a radiant altar of Vehumet.
  5792 | D:5      | Reached skill level 5 in Axes
  5792 | D:5      | Reached XP level 8. HP: 60/64 MP: 8/8
  5805 | D:5      | Found a basalt altar of Yredelemnul.
  6275 | D:6      | Reached ** piety under Hepliaklqana
  6276 | D:6      | Remembered your ancestor dementia as a knight
  6381 | D:6      | Found a shimmering altar of Xom.
  6556 | D:6      | Reached skill level 5 in Fighting
  7119 | D:7      | Slain by an orc warrior

Illustrated notes

Levels and vault maps discovered:
D:1:      amcnicky_arrival_blooded_trapdoor, layout_loops_ring
D:2:      layout_rooms, serial_bayou, serial_bayou_pond_b, serial_bayou_pond_d,
          serial_bayou_pond_c, serial_bayou_pond_c, basic_altar
D:3:      layout_basic, serial_forest, infiniplex_forest_zigzag_1,
          infiniplex_forest_corner_1, infiniplex_forest_split,
          infiniplex_forest_straight_2, infiniplex_forest_end_2,
          infiniplex_forest_straight_4, infiniplex_forest_clump_curved,
          chequers_serial_rivers_marsh, uniq_sigmund
D:4:      minmay_angry_zag, layout_loops_corners, kennysheep_okawaru_gauntlet,
          minmay_temple_entry_junction_2, amcnicky_mini_pool_small,
          supply_closet_lemuel
D:5:      layout_layer_cave, nicolae_overflow_crystal_walls,
          lemuel_zombie_altar_yredelemnul, mainiacjoe_overflow_alcove_1
D:6:      layout_basic, tgw_xom
D:7:      layout_basic, lemuel_crystal_altar, minmay_hedge_maze,
          minmay_misc_feat_alley, chequers_jeans, hangedman_decor_peaks_small
Temple:   minmay_temple_bridge_abc

Skill      XL: |  1  2  3  4  5  6  7  8 |
---------------+-------------------------+-----
Armour         | 4 5 6 |  6.9
Fighting       | 3 4 5 |  5.2
Axes           | 2 3 4 5 |  5.9
Shields        | 4 5 6 |  6.3

Action                     |  1- 3 |  4- 6 |  7- 9 || total
---------------------------+-------+-------+-------++-------
  Melee: War axe           |    86 |   360 |   172 ||   618
         Tailslap          |    10 |    70 |    26 ||   106
 Invoke: Recall Ancestor   |       |       |     2 ||     2
         Ancestor Identity |       |       |     2 ||     2
         Ancestor Life: Kn |       |       |     1 ||     1
    Use: Scroll            |       |     5 |     8 ||    13
         Potion            |       |       |     3 ||     3
 Armour: Scale mail        |    56 |    80 |   101 ||   237
  Dodge: Dodged            |    36 |    47 |    73 ||   156
  Block: Buckler           |    19 |    36 |    43 ||    98

Table legend: (Time is in decaauts)
 A = Elapsed time spent in this place.
 B = Non-inter-level travel time spent in this place.
 C = Inter-level travel time spent in this place.
 D = Time resting spent in this place.
 E = Time spent auto-exploring this place.
 F = Levels seen in this place.
 G = Mean time per level.
                   A        B        C        D        E       F      G
               +--------+--------+--------+--------+--------+-----+--------+
         Total |   7329 |   7116 |    213 |   1073 |   4635 |   8 |  916.1 |
       Dungeon |   7116 |   6945 |    171 |   1073 |   4494 |   7 | 1016.6 |
        Temple |    213 |    171 |     42 |      0 |    141 |   1 |  213.0 |
               +--------+--------+--------+--------+--------+-----+--------+

Top non-repeatable levels by time:
     D:3: 1747 daAuts
     D:4: 1576 daAuts
     D:5: 1067 daAuts
     D:6: 1035 daAuts
     D:2: 935 daAuts
     D:1: 726 daAuts
  Temple: 213 daAuts
     D:7: 28 daAuts
